Rampage vs Senators

Created - June 14, 2022 at 21:02

Goals
1 2 3 T
Rampage 1 1 2 4
Senators 3 1 2 6
Shots
1 2 3 T
Rampage 9 13 5 27
Senators 20 12 18 50

1st period

1. Senators , Tomas Jurco 31 (Chandler Stephenson 12) at 2:01
2. Senators , Jordan Schroeder 14 (Jacob De La Rose 11, Scott Harrington 22) at 6:02
3. Senators , Zachary Sanford 51 (Christoph Bertschy 62, Joonas Lyytinen 11) at 8:01
4. Rampage , Dominik Simon 18 (Petr Straka 15, Ethan Bear 25) at 9:08

Penalties :
Scott Harrington (Bel) for Slashing (Minor) at 3:50, William Bitten (Bel) for Slashing (Minor) at 17:00

2nd period

5. Senators , Jacob De La Rose 14 (Nikita Nesterov 7, Zemgus Girgensons 36) at 10:57
6. Rampage , Steve Regier 9 (Rourke Chartier 42) at 14:02

Penalties :
Nick Schmaltz (San) for Hooking (Minor) at 11:01

3rd period

7. Rampage , Anthony Richard 3 (Dylan Sikura 3, Adam Clendening 10) at 6:17
8. Senators , C.J Suess 6 (Chandler Stephenson 13) at 14:23 (PP)
9. Rampage , Ryan Lomberg 25 (Collin Miller 20, Ethan Bear 26) at 14:56
10. Senators , Tomas Jurco 32 (Christoph Bertschy 63, Zachary Sanford 54) at 19:46 (Empty Net)

Penalties :
Dylan Sikura (San) for Boarding (Minor) at 1:21, Jean-Sebastien Dea (San) for Tripping (Minor) at 13:32

Goalie Stats

Brandon Halverson (San), 44 saves from 49 shots - (0.898), L, 13-12-0, 58:59 minutes
Garret Sparks (Bel), 23 saves from 27 shots - (0.852), W, 20-12-3, 60:00 minutes

Players Stats for Rampage

Player Name              G  A  P  +/- PIM S  H  SB GA TA FO     MP     PP MP  PK MP  
------------------------------------------------------------------------------------
Adam Clendening          0  1  1  -1  0   0  0  2  1  0  0/0    13:28   0:00   0:00 
Anthony Richard          1  0  1   0  0   1  2  0  0  1  3/4     8:27   0:00   0:19 
Collin Miller            0  1  1  -1  0   0  1  0  0  1  0/0    19:19   1:29   2:44 
Dominik Simon            1  0  1   1  0   5  1  0  0  0  0/0    13:31   0:27   0:56 
Dylan Sikura             0  1  1   0  2   0  1  0  0  0  0/0     8:34   0:00   0:22 
Ethan Bear               0  2  2   1  0   1  1  2  0  0  0/0    24:20   2:29   2:05 
Jean-Sebastien Dea       0  0  0   1  2   0  3  0  0  0  1/4    13:33   1:53   0:00 
Jordan Greenway          0  0  0   0  0   1  1  0  0  0  0/0     9:29   0:00   1:49 
Jordan Kyrou             0  0  0  -1  0   4  4  0  0  0  0/0    15:34   1:48   0:00 
Kevan Miller             0  0  0  -2  0   0  1  1  0  1  0/0    18:48   1:29   0:00 
Nick Schmaltz            0  0  0  -1  2   3  1  0  1  1  1/1    19:31   1:53   0:00 
Petr Straka              0  1  1   1  0   1  1  0  0  0  0/1    11:46   0:00   0:00 
Roland McKeown           0  0  0   0  0   2  2  1  0  0  0/0    19:45   0:00   2:44 
Rourke Chartier          0  1  1  -1  0   2  1  0  0  0  18/32  20:53   2:05   1:06 
Ryan Lomberg             1  0  1  -2  0   1  1  0  1  0  1/2    16:23   1:43   0:00 
Steve Regier             1  0  1   0  0   3  2  2  0  0  1/1    20:53   2:05   2:14 
T.J. Tynan               0  0  0  -1  0   1  5  1  2  0  8/11   16:34   0:00   2:52 
Travis Sanheim           0  0  0   1  0   2  2  2  1  1  0/0    24:20   2:29   2:05 
Trent Frederic           0  0  0   0  0   0  0  0  0  0  0/0     0:00   0:00   0:00 

Players Stats for Senators

Player Name              G  A  P  +/- PIM S  H  SB GA TA FO     MP     PP MP  PK MP  
------------------------------------------------------------------------------------
C.J Suess                1  0  1   1  0   4  0  0  1  0  1/1    10:27   0:07   0:55 
Chandler Stephenson      0  2  2  -1  0   1  1  1  0  0  0/3    10:23   0:07   0:55 
Christoph Bertschy       0  2  2   2  0   7  1  0  1  0  11/29  23:33   2:11   1:49 
Dmitry Sinitsyn          0  0  0  -2  0   3  1  1  0  0  0/0    24:29   2:44   2:11 
Grant Besse              0  0  0   1  0   1  1  1  0  0  0/0     9:32   0:07   0:00 
Jacob De La Rose         1  1  2  -1  0   1  2  0  0  0  3/8    16:39   2:31   1:14 
Jonas Siegenthaler       0  0  0   1  0   1  0  1  0  0  0/0    15:13   0:04   0:34 
Joonas Lyytinen          0  1  1   2  0   3  1  1  0  0  0/0    20:58   2:01   1:53 
Jordan Schroeder         1  0  1   1  0   4  1  0  0  0  2/7     9:25   0:00   0:00 
Mason Geertsen           0  0  0   1  0   1  0  0  0  2  0/0    15:35   0:04   0:56 
Nikita Nesterov          0  1  1   2  0   2  0  0  0  0  0/0    20:31   2:01   1:26 
Oliver Bjorkstrand       0  0  0  -1  0   4  2  0  1  1  2/2    15:18   2:31   0:00 
Scott Harrington         0  1  1  -2  2   1  3  2  0  1  0/0    23:20   2:44   0:56 
Tomas Jurco              2  0  2   2  0   2  1  0  1  0  2/3    21:37   2:11   0:00 
Vitaly Abramov           0  0  0  -1  0   1  0  0  0  0  0/0     9:21   0:00   0:00 
William Bitten           0  0  0  -1  2   0  1  0  0  0  0/0     9:27   0:00   0:00 
Zachary Sanford          1  1  2   2  0   8  1  1  1  1  1/2    23:33   2:11   1:49 
Zemgus Girgensons        0  1  1  -1  0   6  1  1  0  1  1/1    16:39   2:31   1:14 

3 Stars

1 - Tomas Jurco (Bel)
2 - Zachary Sanford (Bel)
3 - Christoph Bertschy (Bel)

Power Play

Rampage - 0 on 2 Attempt(s) - 0.00%
Senators - 1 on 3 Attempt(s) - 33.33%

Penalty Kill

Rampage - 2 on 3 Attempt(s) - 66.67% - Score 0 goal in Penalty Kill
Senators - 2 on 2 Attempt(s) - 100.00% - Score 0 goal in Penalty Kill

Team Stat

Rampage - Hits : 30 - Faceoff Wins : 33 - Blocked Shots : 11 - Penalty Minutes : 6
Senators - Hits : 17 - Faceoff Wins : 23 - Blocked Shots : 9 - Penalty Minutes : 4

Official

Referees : Kelly Sutherland and Jean Hebert
Linesman : Mark Shewchyk and Brian Mach

Game Notes

Tomas Jurco has scored in a empty net!

Finance

Level 1 -- Attendance: 1899 (94.95%) -- Ticket Income $66,465
Level 2 -- Attendance: 888 (88.80%) -- Ticket Income $13,320
Total Attendance: 2787 (92.90%)
Total Ticket Income: $79,785
Other Income: $3,989
Total Income: $83,774

Rampage

5 vs 5 Forward 
   Center                   Left Wing                Right Wing               Time % Phy DF OF 
 1 Rourke Chartier          Steve Regier             Nick Schmaltz            40     1   2  2  
 2 T.J. Tynan               Ryan Lomberg             Jordan Kyrou             30     1   2  2  
 3 Jean-Sebastien Dea       Dominik Simon            Petr Straka              20     1   2  2  
 4 Anthony Richard          Jordan Greenway          Dylan Sikura             10     1   2  2  

5 vs 5 Defense 
   Defense                  Defense                                           Time % Phy DF OF 
 1 Ethan Bear               Travis Sanheim                                    40     1   2  2  
 2 Roland McKeown           Collin Miller                                     30     1   2  2  
 3 Kevan Miller             Adam Clendening                                   20     1   2  2  
 4 Kevan Miller             Roland McKeown                                    10     1   2  2  

PowerPlay Forward 
   Center                   Left Wing                Right Wing               Time % Phy DF OF 
 1 Rourke Chartier          Steve Regier             Jordan Kyrou             60     1   2  2  
 2 Jean-Sebastien Dea       Ryan Lomberg             Nick Schmaltz            40     1   2  2  

PowerPlay Defense
   Defense                  Defense                                           Time % Phy DF OF 
 1 Ethan Bear               Travis Sanheim                                    60     1   2  2  
 2 Kevan Miller             Collin Miller                                     40     1   2  2  

Penalty Kill 4 Players Forward 
   Center                   Wing                     Time % Phy DF OF 
 1 T.J. Tynan               Steve Regier             60     1   2  2  
 2 Rourke Chartier          Dylan Sikura             40     1   2  2  

Penalty Kill 4 Players Defense
   Defense                  Defense                  Time % Phy DF OF 
 1 Roland McKeown           Collin Miller            60     1   2  2  
 2 Travis Sanheim           Ethan Bear               40     1   2  2  

Penalty Kill - 3 Players Forward 
   Forward                                           Time % Phy DF OF 
 1 T.J. Tynan                                        60     1   2  2  
 2 Jean-Sebastien Dea                                40     1   2  2  

Penalty Kill - 3 Players Defense
   Defense                  Defense                  Time % Phy DF OF 
 1 Roland McKeown           Travis Sanheim           60     1   2  2  
 2 Collin Miller            Ethan Bear               40     1   2  2  

4 vs 4 Forward 
   Center                   Wing                     Time % Phy DF OF 
 1 Jean-Sebastien Dea       Dylan Sikura             60     1   2  2  
 2 T.J. Tynan               Ryan Lomberg             40     1   2  2  

4 vs 4 Defense
   Defense                  Defense                  Time % Phy DF OF 
 1 Roland McKeown           Travis Sanheim           60     1   2  2  
 2 Collin Miller            Kevan Miller             40     1   2  2  

Last Minutes Offensive
   Center                   Left Wing                Right Wing               Defense                  Defense                  
   Rourke Chartier          Ryan Lomberg             Nick Schmaltz            Ethan Bear               Travis Sanheim           

Last Minutes Defensive
   Center                   Left Wing                Right Wing               Defense                  Defense                  
   T.J. Tynan               Steve Regier             Dylan Sikura             Roland McKeown           Collin Miller            

Goaltenders
Starting : Brandon Halverson        
Backup : Joni Ortio               

Extra Forwards
Normal : Dominik Simon, Jean-Sebastien Dea, Jordan Greenway - PP : Dominik Simon, Jean-Sebastien Dea - PK : Jordan Greenway
Extra Defensemen
Normal : Ethan Bear, Kevan Miller, Collin Miller - PP : Ethan Bear - PK : Kevan Miller, Collin Miller
Penalty Shots
Jordan Kyrou, Rourke Chartier, Dylan Sikura, Jean-Sebastien Dea, Nick Schmaltz

Scratches
Artturi Lehkonen (Healthy), Jeremy Bracco (Healthy), Charlie McAvoy (Bruised Right Shoulder Injury), Eamon McAdam (Healthy), Emil Larmi (Healthy)

Senators

5 vs 5 Forward 
   Center                   Left Wing                Right Wing               Time % Phy DF OF 
 1 Christoph Bertschy       Zachary Sanford          Tomas Jurco              40     1   2  2  
 2 Jacob De La Rose         Zemgus Girgensons        Oliver Bjorkstrand       30     1   2  2  
 3 Jordan Schroeder         C.J Suess                Grant Besse              15     1   2  2  
 4 Chandler Stephenson      Vitaly Abramov           William Bitten           15     1   2  2  

5 vs 5 Defense 
   Defense                  Defense                                           Time % Phy DF OF 
 1 Dmitry Sinitsyn          Scott Harrington                                  40     1   2  2  
 2 Nikita Nesterov          Joonas Lyytinen                                   30     1   2  2  
 3 Mason Geertsen           Jonas Siegenthaler                                20     1   2  2  
 4 Dmitry Sinitsyn          Scott Harrington                                  10     1   2  2  

PowerPlay Forward 
   Center                   Left Wing                Right Wing               Time % Phy DF OF 
 1 Christoph Bertschy       Zachary Sanford          Tomas Jurco              60     0   1  4  
 2 Jacob De La Rose         Zemgus Girgensons        Oliver Bjorkstrand       40     0   1  4  

PowerPlay Defense
   Defense                  Defense                                           Time % Phy DF OF 
 1 Dmitry Sinitsyn          Scott Harrington                                  60     1   2  2  
 2 Nikita Nesterov          Joonas Lyytinen                                   40     1   2  2  

Penalty Kill 4 Players Forward 
   Center                   Wing                     Time % Phy DF OF 
 1 Christoph Bertschy       Zachary Sanford          60     1   2  2  
 2 Jacob De La Rose         Zemgus Girgensons        40     1   2  2  

Penalty Kill 4 Players Defense
   Defense                  Defense                  Time % Phy DF OF 
 1 Dmitry Sinitsyn          Scott Harrington         60     1   2  2  
 2 Nikita Nesterov          Joonas Lyytinen          40     1   2  2  

Penalty Kill - 3 Players Forward 
   Forward                                           Time % Phy DF OF 
 1 Christoph Bertschy                                60     1   2  2  
 2 Jacob De La Rose                                  40     1   2  2  

Penalty Kill - 3 Players Defense
   Defense                  Defense                  Time % Phy DF OF 
 1 Dmitry Sinitsyn          Scott Harrington         60     1   2  2  
 2 Nikita Nesterov          Joonas Lyytinen          40     1   2  2  

4 vs 4 Forward 
   Center                   Wing                     Time % Phy DF OF 
 1 Christoph Bertschy       Zachary Sanford          60     1   2  2  
 2 Jacob De La Rose         Zemgus Girgensons        40     1   2  2  

4 vs 4 Defense
   Defense                  Defense                  Time % Phy DF OF 
 1 Dmitry Sinitsyn          Scott Harrington         60     1   2  2  
 2 Nikita Nesterov          Joonas Lyytinen          40     1   2  2  

Last Minutes Offensive
   Center                   Left Wing                Right Wing               Defense                  Defense                  
   Christoph Bertschy       Zachary Sanford          Tomas Jurco              Dmitry Sinitsyn          Scott Harrington         

Last Minutes Defensive
   Center                   Left Wing                Right Wing               Defense                  Defense                  
   Christoph Bertschy       Zachary Sanford          Tomas Jurco              Dmitry Sinitsyn          Scott Harrington         

Goaltenders
Starting : Garret Sparks            
Backup : Scott Wedgewood          

Extra Forwards
Normal : Christoph Bertschy, Jacob De La Rose, Jordan Schroeder - PP : Christoph Bertschy, Jacob De La Rose - PK : Christoph Bertschy
Extra Defensemen
Normal : Joonas Lyytinen, Mason Geertsen, Jonas Siegenthaler - PP : Joonas Lyytinen - PK : Joonas Lyytinen, Mason Geertsen
Penalty Shots
Tomas Jurco, Oliver Bjorkstrand, Zachary Sanford, Zemgus Girgensons, Christoph Bertschy

Scratches
Gustav Forsling (Healthy), Keegan Lowe (Healthy), Kevin Rooney (Healthy), Michael Matheson (Healthy), Arttu Ruotsalainen (Healthy)
Cliff Pu (Healthy), Keven Bouchard (Healthy)

% Time on Ice - Rampage

Lines # - Real PCT - Wanted PCT - Time Play
Normal Forward
1 - 34% - 40% - 16:53
2 - 28% - 30% - 14:00
3 - 23% - 20% - 11:46
4 - 15% - 10% - 7:40
Normal Defense
1 - 39% - 40% - 19:41
2 - 28% - 30% - 14:17
3 - 26% - 20% - 12:57
4 - 7% - 10% - 3:24
PP Forward
1 - 53% - 60% - 2:05
2 - 47% - 40% - 1:53
PP Defense
1 - 63% - 60% - 2:29
2 - 37% - 40% - 1:29
PK Forward
1 - 77% - 60% - 3:43
2 - 23% - 40% - 1:06
PK Defense
1 - 57% - 60% - 2:44
2 - 43% - 40% - 2:05
PK3 Forward
1 - 0% - 60%
2 - 0% - 40%
PK3 Defense
1 - 0% - 60%
2 - 0% - 40%
44 Forward
1 - 0% - 60%
2 - 0% - 40%
44 Defense
1 - 0% - 60%
2 - 0% - 40%
Last Minute Offensive  - 0:54
Last Minute Defensive  - 0:00
Total
Forward - 60:00
Defense - 60:00

% Time on Ice - Senators

Lines # - Real PCT - Wanted PCT - Time Play
Normal Forward
1 - 37% - 40% - 18:42
2 - 26% - 30% - 12:54
3 - 19% - 15% - 9:25
4 - 19% - 15% - 9:21
Normal Defense
1 - 36% - 40% - 18:11
2 - 34% - 30% - 17:04
3 - 27% - 20% - 13:24
4 - 3% - 10% - 1:43
PP Forward
1 - 45% - 60% - 2:11
2 - 55% - 40% - 2:38
PP Defense
1 - 58% - 60% - 2:48
2 - 42% - 40% - 2:01
PK Forward
1 - 69% - 60% - 2:44
2 - 31% - 40% - 1:14
PK Defense
1 - 64% - 60% - 2:32
2 - 36% - 40% - 1:26
PK3 Forward
1 - 0% - 60%
2 - 0% - 40%
PK3 Defense
1 - 0% - 60%
2 - 0% - 40%
44 Forward
1 - 0% - 60%
2 - 0% - 40%
44 Defense
1 - 0% - 60%
2 - 0% - 40%
Last Minute Offensive  - 0:00
Last Minute Defensive  - 0:51
Total
Forward - 60:00
Defense - 60:00

Play-by-Play

1st period


0:01 of 1st period - Steve Regier wins face-off versus Christoph Bertschy in neutral zone.
0:12 of 1st period - Snap shot by Rourke Chartier.
0:12 of 1st period - Stopped by Garret Sparks with a rebound.
0:26 of 1st period - Travis Sanheim is hit by Oliver Bjorkstrand and loses puck.
0:35 of 1st period - Wrist shot by Zemgus Girgensons.
0:35 of 1st period - Shot Misses the Net.
0:37 of 1st period - Snap shot by Dmitry Sinitsyn.
0:37 of 1st period - Stopped by Brandon Halverson without a rebound.
0:38 of 1st period - Jordan Schroeder wins face-off versus Jean-Sebastien Dea in Rampage zone.
0:47 of 1st period - Wrist shot by Jordan Schroeder.
0:47 of 1st period - Shot Blocked by Roland McKeown.
1:06 of 1st period - Slapshot by Dylan Sikura.
1:06 of 1st period - Shot Misses the Net.
1:08 of 1st period - Slapshot by Roland McKeown.
1:08 of 1st period - Stopped by Garret Sparks without a rebound.
1:09 of 1st period - Anthony Richard wins face-off versus Chandler Stephenson in Senators zone.
1:10 of 1st period - Backhand shot by Dylan Sikura.
1:10 of 1st period - Shot Misses the Net.
1:48 of 1st period - Chandler Stephenson is hit by Ryan Lomberg and loses puck.
2:01 of 1st period - Snap shot by Tomas Jurco.
2:01 of 1st period - Goal by Tomas Jurco - Rampage : 0 - Senators : 1.
2:02 of 1st period - Rourke Chartier wins face-off versus Jacob De La Rose in neutral zone.
2:53 of 1st period - Grant Besse is hit by Roland McKeown and loses puck.
3:50 of 1st period - Minor Penalty to Scott Harrington for Slashing.
3:51 of 1st period - Rourke Chartier wins face-off versus Christoph Bertschy in Senators zone.
4:18 of 1st period - Nick Schmaltz is hit by Jacob De La Rose and loses puck.
4:56 of 1st period - Snap shot by Zemgus Girgensons.
4:56 of 1st period - Stopped by Brandon Halverson with a rebound.
5:50 of 1st period - Penalty to Scott Harrington is over, Scott Harrington is back on ice.
6:00 of 1st period - Snap shot by Jordan Schroeder.
6:00 of 1st period - Shot Misses the Net.
6:02 of 1st period - Snap shot by Jordan Schroeder.
6:02 of 1st period - Goal by Jordan Schroeder - Rampage : 0 - Senators : 2.
6:03 of 1st period - Christoph Bertschy wins face-off versus Jean-Sebastien Dea in neutral zone.
6:06 of 1st period - Slapshot by Tomas Jurco.
6:06 of 1st period - Shot Misses the Net.
6:08 of 1st period - Slapshot by Scott Harrington.
6:08 of 1st period - Shot Misses the Net.
6:14 of 1st period - Slapshot by Zachary Sanford.
6:14 of 1st period - Stopped by Brandon Halverson without a rebound.
6:15 of 1st period - Rourke Chartier wins face-off versus Christoph Bertschy in Rampage zone.
7:06 of 1st period - Backhand shot by C.J Suess.
7:06 of 1st period - Stopped by Brandon Halverson with a rebound.
7:08 of 1st period - Wrist shot by Dmitry Sinitsyn.
7:08 of 1st period - Deflect By C.J Suess.
7:08 of 1st period - Shot Blocked by Kevan Miller.
7:08 of 1st period - Puck is out of play.
7:09 of 1st period - Christoph Bertschy wins face-off versus Rourke Chartier in Rampage zone.
7:12 of 1st period - Snap shot by Christoph Bertschy.
7:12 of 1st period - Stopped by Brandon Halverson with a rebound.
7:22 of 1st period - Backhand shot by Christoph Bertschy.
7:22 of 1st period - Deflect By Zachary Sanford.
7:22 of 1st period - Stopped by Brandon Halverson with a rebound.
7:24 of 1st period - Wrist shot by Jonas Siegenthaler.
7:24 of 1st period - Shot Blocked by Travis Sanheim.
7:38 of 1st period - Snap shot by C.J Suess.
7:38 of 1st period - Stopped by Brandon Halverson with a rebound.
7:40 of 1st period - Snap shot by Nikita Nesterov.
7:40 of 1st period - Deflect By Nick Schmaltz.
7:40 of 1st period - Stopped by Brandon Halverson with a rebound.
7:42 of 1st period - Slapshot by Joonas Lyytinen.
7:42 of 1st period - Stopped by Brandon Halverson with a rebound.
7:44 of 1st period - Slapshot by Nikita Nesterov.
7:44 of 1st period - Stopped by Brandon Halverson without a rebound.
7:45 of 1st period - T.J. Tynan wins face-off versus Christoph Bertschy in Rampage zone.
7:45 of 1st period - T.J. Tynan is hit by Joonas Lyytinen.
7:55 of 1st period - Wrist shot by Ryan Lomberg.
7:55 of 1st period - Shot Misses the Net.
8:01 of 1st period - Wrist shot by Zachary Sanford.
8:01 of 1st period - Goal by Zachary Sanford - Rampage : 0 - Senators : 3.
8:02 of 1st period - Christoph Bertschy wins face-off versus Rourke Chartier in neutral zone.
8:27 of 1st period - Scott Harrington is hit by T.J. Tynan and loses puck.
8:50 of 1st period - Snap shot by Jordan Kyrou.
8:50 of 1st period - Stopped by Garret Sparks without a rebound.
8:51 of 1st period - Jean-Sebastien Dea wins face-off versus Chandler Stephenson in Senators zone.
8:56 of 1st period - Slapshot by Travis Sanheim.
8:56 of 1st period - Deflect By Dominik Simon.
8:56 of 1st period - Stopped by Garret Sparks with a rebound.
8:58 of 1st period - Snap shot by Jean-Sebastien Dea.
8:58 of 1st period - Shot Blocked by Dmitry Sinitsyn.
9:06 of 1st period - Slapshot by Petr Straka.
9:06 of 1st period - Shot Blocked by Scott Harrington.
9:08 of 1st period - Snap shot by Dominik Simon.
9:08 of 1st period - Goal by Dominik Simon - Rampage : 1 - Senators : 3.
9:09 of 1st period - Rourke Chartier wins face-off versus Christoph Bertschy in neutral zone.
9:18 of 1st period - Snap shot by Nick Schmaltz.
9:18 of 1st period - Stopped by Garret Sparks with a rebound.
9:24 of 1st period - Snap shot by Nick Schmaltz.
9:24 of 1st period - Deflect By Rourke Chartier.
9:24 of 1st period - Shot Misses the Net.
9:24 of 1st period - Puck is out of play.
9:25 of 1st period - Jacob De La Rose wins face-off versus T.J. Tynan in Senators zone.
9:30 of 1st period - Slapshot by Oliver Bjorkstrand.
9:30 of 1st period - Stopped by Brandon Halverson with a rebound.
9:32 of 1st period - Slapshot by Mason Geertsen.
9:32 of 1st period - Stopped by Brandon Halverson with a rebound.
9:34 of 1st period - Slapshot by Jonas Siegenthaler.
9:34 of 1st period - Deflect By Ethan Bear.
9:34 of 1st period - Stopped by Brandon Halverson with a rebound.
9:36 of 1st period - Wrist shot by Zemgus Girgensons.
9:36 of 1st period - Stopped by Brandon Halverson without a rebound.
9:37 of 1st period - Christoph Bertschy wins face-off versus Rourke Chartier in Rampage zone.
9:48 of 1st period - Icing by Christoph Bertschy.
9:49 of 1st period - Rourke Chartier wins face-off versus Christoph Bertschy in Senators zone.
9:50 of 1st period - Snap shot by Steve Regier.
9:50 of 1st period - Stopped by Garret Sparks without a rebound.
9:51 of 1st period - Christoph Bertschy wins face-off versus Rourke Chartier in Senators zone.
9:57 of 1st period - Off-side.
9:58 of 1st period - Rourke Chartier wins face-off versus Christoph Bertschy in neutral zone.
10:04 of 1st period - Off-side.
10:05 of 1st period - Rourke Chartier wins face-off versus Jacob De La Rose in neutral zone.
10:22 of 1st period - Wrist shot by Zemgus Girgensons.
10:22 of 1st period - Stopped by Brandon Halverson without a rebound.
10:23 of 1st period - T.J. Tynan wins face-off versus Christoph Bertschy in Rampage zone.
10:23 of 1st period - T.J. Tynan is hit by Tomas Jurco.
12:19 of 1st period - Snap shot by Petr Straka.
12:19 of 1st period - Shot Blocked by Jonas Siegenthaler.
12:32 of 1st period - Snap shot by Dominik Simon.
12:32 of 1st period - Stopped by Garret Sparks with a rebound.
12:34 of 1st period - Wrist shot by Travis Sanheim.
12:34 of 1st period - Shot Misses the Net.
13:03 of 1st period - Snap shot by Zachary Sanford.
13:03 of 1st period - Stopped by Brandon Halverson with a rebound.
13:05 of 1st period - Wrist shot by Zachary Sanford.
13:05 of 1st period - Deflect By Christoph Bertschy.
13:05 of 1st period - Stopped by Brandon Halverson without a rebound.
13:06 of 1st period - Jacob De La Rose wins face-off versus Rourke Chartier in Rampage zone.
13:17 of 1st period - Slapshot by Nick Schmaltz.
13:17 of 1st period - Stopped by Garret Sparks with a rebound.
13:58 of 1st period - William Bitten is hit by Jordan Greenway.
14:14 of 1st period - Steve Regier is hit by Scott Harrington and loses puck.
14:27 of 1st period - Joonas Lyytinen is hit by T.J. Tynan.
15:33 of 1st period - Scott Harrington is hit by Anthony Richard and loses puck.
16:47 of 1st period - Roland McKeown is hit by Jacob De La Rose and loses puck.
17:00 of 1st period - Minor Penalty to William Bitten for Slashing.
17:01 of 1st period - Rourke Chartier wins face-off versus Christoph Bertschy in Senators zone.
18:19 of 1st period - Zachary Sanford is hit by Travis Sanheim and loses puck.
19:00 of 1st period - Penalty to William Bitten is over, William Bitten is back on ice.
Goals for this period are 1 for Rampage vs 3 for Senators.
Shots for this period are 9 for Rampage vs 20 for Senators.

2nd period


0:01 of 2nd period - Rourke Chartier wins face-off versus Christoph Bertschy in neutral zone.
0:12 of 2nd period - Slapshot by Zachary Sanford.
0:12 of 2nd period - Shot Blocked by Ethan Bear.
0:14 of 2nd period - Snap shot by Christoph Bertschy.
0:14 of 2nd period - Stopped by Brandon Halverson without a rebound.
0:15 of 2nd period - Oliver Bjorkstrand wins face-off versus Ryan Lomberg in Rampage zone.
0:18 of 2nd period - Wrist shot by Oliver Bjorkstrand.
0:18 of 2nd period - Shot Blocked by Travis Sanheim.
0:20 of 2nd period - Snap shot by Oliver Bjorkstrand.
0:20 of 2nd period - Shot Blocked by Ethan Bear.
0:22 of 2nd period - Snap shot by Zemgus Girgensons.
0:22 of 2nd period - Shot Misses the Net.
0:24 of 2nd period - Wrist shot by Oliver Bjorkstrand.
0:24 of 2nd period - Stopped by Brandon Halverson with a rebound.
0:26 of 2nd period - Slapshot by Dmitry Sinitsyn.
0:26 of 2nd period - Stopped by Brandon Halverson without a rebound.
0:27 of 2nd period - Nick Schmaltz wins face-off versus Christoph Bertschy in Rampage zone.
0:40 of 2nd period - Snap shot by Tomas Jurco.
0:40 of 2nd period - Shot Misses the Net.
1:00 of 2nd period - Slapshot by Travis Sanheim.
1:00 of 2nd period - Stopped by Garret Sparks with a rebound.
1:41 of 2nd period - Slapshot by Anthony Richard.
1:41 of 2nd period - Shot Misses the Net.
1:43 of 2nd period - Slapshot by Kevan Miller.
1:43 of 2nd period - Shot Blocked by Chandler Stephenson.
2:43 of 2nd period - Snap shot by Zemgus Girgensons.
2:43 of 2nd period - Shot Misses the Net.
2:45 of 2nd period - Snap shot by Oliver Bjorkstrand.
2:45 of 2nd period - Stopped by Brandon Halverson with a rebound.
2:47 of 2nd period - Snap shot by Oliver Bjorkstrand.
2:47 of 2nd period - Stopped by Brandon Halverson without a rebound.
2:48 of 2nd period - Rourke Chartier wins face-off versus Jordan Schroeder in Rampage zone.
3:02 of 2nd period - Wrist shot by Grant Besse.
3:02 of 2nd period - Stopped by Brandon Halverson with a rebound.
3:14 of 2nd period - Joonas Lyytinen is hit by Jordan Kyrou and loses puck.
3:24 of 2nd period - Nikita Nesterov is hit by Jordan Kyrou and loses puck.
3:57 of 2nd period - Dmitry Sinitsyn is hit by Steve Regier and loses puck.
4:52 of 2nd period - Snap shot by Jordan Kyrou.
4:52 of 2nd period - Stopped by Garret Sparks with a rebound.
5:12 of 2nd period - Wrist shot by Dominik Simon.
5:12 of 2nd period - Shot Misses the Net.
5:14 of 2nd period - Slapshot by Roland McKeown.
5:14 of 2nd period - Shot Blocked by Joonas Lyytinen.
5:29 of 2nd period - Snap shot by Christoph Bertschy.
5:29 of 2nd period - Stopped by Brandon Halverson without a rebound.
5:30 of 2nd period - Christoph Bertschy wins face-off versus Rourke Chartier in Rampage zone.
6:07 of 2nd period - Snap shot by Jordan Kyrou.
6:07 of 2nd period - Stopped by Garret Sparks without a rebound.
6:08 of 2nd period - T.J. Tynan wins face-off versus Jordan Schroeder in Senators zone.
6:09 of 2nd period - Snap shot by Jordan Kyrou.
6:09 of 2nd period - Deflect By T.J. Tynan.
6:09 of 2nd period - Stopped by Garret Sparks with a rebound.
6:35 of 2nd period - Slapshot by Zemgus Girgensons.
6:35 of 2nd period - Shot Misses the Net.
6:37 of 2nd period - Snap shot by Jacob De La Rose.
6:37 of 2nd period - Shot Misses the Net.
6:39 of 2nd period - Slapshot by Nikita Nesterov.
6:39 of 2nd period - Deflect By Zemgus Girgensons.
6:39 of 2nd period - Shot Misses the Net.
6:39 of 2nd period - Puck is out of play.
6:40 of 2nd period - Rourke Chartier wins face-off versus Jacob De La Rose in Rampage zone.
6:53 of 2nd period - Slapshot by Zemgus Girgensons.
6:53 of 2nd period - Stopped by Brandon Halverson without a rebound.
6:54 of 2nd period - Christoph Bertschy wins face-off versus Rourke Chartier in Rampage zone.
7:23 of 2nd period - Wrist shot by Dominik Simon.
7:23 of 2nd period - Stopped by Garret Sparks with a rebound.
8:26 of 2nd period - Dmitry Sinitsyn is hit by Nick Schmaltz.
8:34 of 2nd period - Backhand shot by Steve Regier.
8:34 of 2nd period - Stopped by Garret Sparks with a rebound.
8:36 of 2nd period - Slapshot by Nick Schmaltz.
8:36 of 2nd period - Shot Misses the Net.
8:50 of 2nd period - Dmitry Sinitsyn is hit by Jean-Sebastien Dea and loses puck.
9:03 of 2nd period - Nikita Nesterov is hit by Jordan Kyrou and loses puck.
9:20 of 2nd period - Slapshot by Travis Sanheim.
9:20 of 2nd period - Deflect By Jordan Greenway.
9:20 of 2nd period - Stopped by Garret Sparks without a rebound.
9:21 of 2nd period - Tomas Jurco wins face-off versus Anthony Richard in Senators zone.
9:46 of 2nd period - Mason Geertsen is hit by T.J. Tynan and loses puck.
10:21 of 2nd period - Wrist shot by Zachary Sanford.
10:21 of 2nd period - Shot Blocked by Adam Clendening.
10:39 of 2nd period - Icing by T.J. Tynan.
10:40 of 2nd period - T.J. Tynan wins face-off versus Jacob De La Rose in Rampage zone.
10:53 of 2nd period - Wrist shot by Nikita Nesterov.
10:53 of 2nd period - Shot Blocked by T.J. Tynan.
10:55 of 2nd period - Slapshot by Nikita Nesterov.
10:55 of 2nd period - Shot Misses the Net.
10:57 of 2nd period - Snap shot by Jacob De La Rose.
10:57 of 2nd period - Goal by Jacob De La Rose - Rampage : 1 - Senators : 4.
10:58 of 2nd period - Oliver Bjorkstrand wins face-off versus Rourke Chartier in neutral zone.
10:58 of 2nd period - Jacob De La Rose is hit by Travis Sanheim.
11:01 of 2nd period - Minor Penalty to Nick Schmaltz for Hooking.
11:02 of 2nd period - T.J. Tynan wins face-off versus Zachary Sanford in Rampage zone.
11:12 of 2nd period - Slapshot by Scott Harrington.
11:12 of 2nd period - Stopped by Brandon Halverson without a rebound.
11:13 of 2nd period - Christoph Bertschy wins face-off versus T.J. Tynan in Rampage zone.
13:01 of 2nd period - Penalty to Nick Schmaltz is over, Nick Schmaltz is back on ice.
13:04 of 2nd period - Zachary Sanford is hit by Ethan Bear.
13:24 of 2nd period - Snap shot by Petr Straka.
13:24 of 2nd period - Deflect By Grant Besse.
13:24 of 2nd period - Shot Misses the Net.
13:24 of 2nd period - Puck is out of play.
13:25 of 2nd period - C.J Suess wins face-off versus Petr Straka in Senators zone.
13:25 of 2nd period - C.J Suess is hit by Jean-Sebastien Dea.
13:31 of 2nd period - Dominik Simon is hit by Grant Besse and loses puck.
13:40 of 2nd period - Jean-Sebastien Dea is hit by Jordan Schroeder and loses puck.
13:47 of 2nd period - Dmitry Sinitsyn is hit by Petr Straka and loses puck.
13:52 of 2nd period - Snap shot by Petr Straka.
13:52 of 2nd period - Shot Blocked by Grant Besse.
13:54 of 2nd period - Snap shot by Roland McKeown.
13:54 of 2nd period - Deflect By Dmitry Sinitsyn.
13:54 of 2nd period - Stopped by Garret Sparks with a rebound.
14:00 of 2nd period - Snap shot by Dominik Simon.
14:00 of 2nd period - Stopped by Garret Sparks without a rebound.
14:01 of 2nd period - Rourke Chartier wins face-off versus Christoph Bertschy in Senators zone.
14:02 of 2nd period - Snap shot by Steve Regier.
14:02 of 2nd period - Goal by Steve Regier - Rampage : 2 - Senators : 4.
14:03 of 2nd period - Rourke Chartier wins face-off versus Christoph Bertschy in neutral zone.
14:16 of 2nd period - Slapshot by Zachary Sanford.
14:16 of 2nd period - Shot Hit the Post.
15:06 of 2nd period - William Bitten is hit by Dominik Simon and loses puck.
15:46 of 2nd period - Slapshot by Collin Miller.
15:46 of 2nd period - Shot Misses the Net.
16:08 of 2nd period - William Bitten is hit by Roland McKeown and loses puck.
16:13 of 2nd period - Snap shot by Petr Straka.
16:13 of 2nd period - Stopped by Garret Sparks without a rebound.
16:14 of 2nd period - Rourke Chartier wins face-off versus Christoph Bertschy in Senators zone.
16:19 of 2nd period - Slapshot by Rourke Chartier.
16:19 of 2nd period - Shot Misses the Net.
16:29 of 2nd period - Wrist shot by Rourke Chartier.
16:29 of 2nd period - Stopped by Garret Sparks with a rebound.
16:46 of 2nd period - Zemgus Girgensons is hit by Jordan Kyrou and loses puck.
16:57 of 2nd period - Dmitry Sinitsyn is hit by T.J. Tynan and loses puck.
17:12 of 2nd period - Wrist shot by Jordan Kyrou.
17:12 of 2nd period - Stopped by Garret Sparks without a rebound.
17:13 of 2nd period - Christoph Bertschy wins face-off versus Rourke Chartier in Senators zone.
17:18 of 2nd period - Kevan Miller is hit by Zachary Sanford and loses puck.
17:45 of 2nd period - Snap shot by Jordan Schroeder.
17:45 of 2nd period - Stopped by Brandon Halverson without a rebound.
17:46 of 2nd period - Anthony Richard wins face-off versus Jordan Schroeder in Rampage zone.
17:57 of 2nd period - Travis Sanheim is hit by Scott Harrington and loses puck.
18:18 of 2nd period - Wrist shot by Zachary Sanford.
18:18 of 2nd period - Stopped by Brandon Halverson with a rebound.
19:17 of 2nd period - Jonas Siegenthaler is hit by Anthony Richard and loses puck.
19:52 of 2nd period - Snap shot by Rourke Chartier.
19:52 of 2nd period - Shot Blocked by Zachary Sanford.
Goals for this period are 1 for Rampage vs 1 for Senators.
Shots for this period are 13 for Rampage vs 12 for Senators.

3rd period


0:01 of 3rd period - Rourke Chartier wins face-off versus Tomas Jurco in neutral zone.
0:26 of 3rd period - Ryan Lomberg is hit by Zemgus Girgensons.
1:21 of 3rd period - Minor Penalty to Dylan Sikura for Boarding.
1:22 of 3rd period - T.J. Tynan wins face-off versus Christoph Bertschy in Rampage zone.
2:01 of 3rd period - Wrist shot by Zemgus Girgensons.
2:01 of 3rd period - Deflect By Oliver Bjorkstrand.
2:01 of 3rd period - Shot Misses the Net.
2:01 of 3rd period - Puck is out of play.
2:02 of 3rd period - Tomas Jurco wins face-off versus Rourke Chartier in Rampage zone.
2:37 of 3rd period - Oliver Bjorkstrand is hit by Rourke Chartier and loses puck.
3:21 of 3rd period - Penalty to Dylan Sikura is over, Dylan Sikura is back on ice.
3:32 of 3rd period - Roland McKeown is hit by William Bitten and loses puck.
3:39 of 3rd period - Backhand shot by Chandler Stephenson.
3:39 of 3rd period - Stopped by Brandon Halverson without a rebound.
3:40 of 3rd period - Jordan Schroeder wins face-off versus Rourke Chartier in Rampage zone.
4:05 of 3rd period - Zemgus Girgensons is hit by Kevan Miller and loses puck.
4:47 of 3rd period - Chandler Stephenson is hit by Dylan Sikura and loses puck.
6:02 of 3rd period - Anthony Richard is hit by Christoph Bertschy and loses puck.
6:17 of 3rd period - Snap shot by Anthony Richard.
6:17 of 3rd period - Goal by Anthony Richard - Rampage : 3 - Senators : 4.
6:18 of 3rd period - Rourke Chartier wins face-off versus Christoph Bertschy in neutral zone.
6:21 of 3rd period - Snap shot by Nick Schmaltz.
6:21 of 3rd period - Stopped by Garret Sparks with a rebound.
6:30 of 3rd period - Off-side.
6:31 of 3rd period - Rourke Chartier wins face-off versus Christoph Bertschy in neutral zone.
6:34 of 3rd period - Scott Harrington is hit by Steve Regier and loses puck.
6:41 of 3rd period - Wrist shot by Nick Schmaltz.
6:41 of 3rd period - Deflect By Zachary Sanford.
6:41 of 3rd period - Shot Misses the Net.
6:41 of 3rd period - Puck is out of play.
6:42 of 3rd period - Rourke Chartier wins face-off versus Christoph Bertschy in Senators zone.
6:43 of 3rd period - Snap shot by Steve Regier.
6:43 of 3rd period - Shot Blocked by Scott Harrington.
6:49 of 3rd period - Snap shot by Dmitry Sinitsyn.
6:49 of 3rd period - Stopped by Brandon Halverson with a rebound.
7:16 of 3rd period - Jacob De La Rose is hit by T.J. Tynan and loses puck.
7:39 of 3rd period - Slapshot by Jordan Schroeder.
7:39 of 3rd period - Stopped by Brandon Halverson with a rebound.
8:03 of 3rd period - Slapshot by Zachary Sanford.
8:03 of 3rd period - Stopped by Brandon Halverson with a rebound.
8:38 of 3rd period - Collin Miller is hit by Oliver Bjorkstrand and loses puck.
8:57 of 3rd period - Wrist shot by Zemgus Girgensons.
8:57 of 3rd period - Stopped by Brandon Halverson without a rebound.
8:58 of 3rd period - Zachary Sanford wins face-off versus Rourke Chartier in Rampage zone.
9:07 of 3rd period - Wrist shot by Christoph Bertschy.
9:07 of 3rd period - Stopped by Brandon Halverson without a rebound.
9:08 of 3rd period - Christoph Bertschy wins face-off versus Rourke Chartier in Rampage zone.
9:30 of 3rd period - Wrist shot by Christoph Bertschy.
9:30 of 3rd period - Stopped by Brandon Halverson with a rebound.
9:32 of 3rd period - Wrist shot by Christoph Bertschy.
9:32 of 3rd period - Shot Blocked by Steve Regier.
9:44 of 3rd period - Wrist shot by Zachary Sanford.
9:44 of 3rd period - Shot Misses the Net.
9:46 of 3rd period - Slapshot by Joonas Lyytinen.
9:46 of 3rd period - Stopped by Brandon Halverson with a rebound.
10:20 of 3rd period - Snap shot by Zachary Sanford.
10:20 of 3rd period - Stopped by Brandon Halverson with a rebound.
11:18 of 3rd period - Snap shot by Christoph Bertschy.
11:18 of 3rd period - Stopped by Brandon Halverson with a rebound.
11:20 of 3rd period - Snap shot by Tomas Jurco.
11:20 of 3rd period - Shot Blocked by Steve Regier.
11:22 of 3rd period - Wrist shot by Tomas Jurco.
11:22 of 3rd period - Shot Hit the Post.
11:24 of 3rd period - Wrist shot by Christoph Bertschy.
11:24 of 3rd period - Shot Misses the Net.
11:30 of 3rd period - Snap shot by Zachary Sanford.
11:30 of 3rd period - Shot Blocked by Adam Clendening.
11:32 of 3rd period - Snap shot by Zachary Sanford.
11:32 of 3rd period - Stopped by Brandon Halverson with a rebound.
11:34 of 3rd period - Slapshot by Joonas Lyytinen.
11:34 of 3rd period - Shot Misses the Net.
11:48 of 3rd period - Wrist shot by Tomas Jurco.
11:48 of 3rd period - Shot Misses the Net.
11:50 of 3rd period - Wrist shot by Joonas Lyytinen.
11:50 of 3rd period - Stopped by Brandon Halverson with a rebound.
12:33 of 3rd period - Off-side.
12:34 of 3rd period - Ryan Lomberg wins face-off versus Jacob De La Rose in neutral zone.
12:37 of 3rd period - Slapshot by Travis Sanheim.
12:37 of 3rd period - Stopped by Garret Sparks with a rebound.
12:39 of 3rd period - Slapshot by Ethan Bear.
12:39 of 3rd period - Shot Blocked by Zemgus Girgensons.
12:41 of 3rd period - Wrist shot by Jordan Kyrou.
12:41 of 3rd period - Shot Misses the Net.
12:43 of 3rd period - Snap shot by Jordan Kyrou.
12:43 of 3rd period - Shot Misses the Net.
12:45 of 3rd period - Slapshot by Ethan Bear.
12:45 of 3rd period - Stopped by Garret Sparks with a rebound.
12:59 of 3rd period - Petr Straka is hit by Dmitry Sinitsyn and loses puck.
13:14 of 3rd period - Grant Besse is hit by Jean-Sebastien Dea and loses puck.
13:32 of 3rd period - Minor Penalty to Jean-Sebastien Dea for Tripping.
13:33 of 3rd period - Zemgus Girgensons wins face-off versus T.J. Tynan in Rampage zone.
13:52 of 3rd period - Roland McKeown is hit by Scott Harrington and loses puck.
14:23 of 3rd period - Snap shot by C.J Suess.
14:23 of 3rd period - Goal by C.J Suess - Rampage : 3 - Senators : 5.
14:24 of 3rd period - T.J. Tynan wins face-off versus Jordan Schroeder in neutral zone.
14:31 of 3rd period - Wrist shot by Jordan Schroeder.
14:31 of 3rd period - Stopped by Brandon Halverson with a rebound.
14:39 of 3rd period - Wrist shot by C.J Suess.
14:39 of 3rd period - Stopped by Brandon Halverson with a rebound.
14:56 of 3rd period - Wrist shot by Ryan Lomberg.
14:56 of 3rd period - Goal by Ryan Lomberg - Rampage : 4 - Senators : 5.
14:57 of 3rd period - Jacob De La Rose wins face-off versus Jean-Sebastien Dea in neutral zone.
15:10 of 3rd period - Snap shot by Zemgus Girgensons.
15:10 of 3rd period - Stopped by Brandon Halverson with a rebound.
15:29 of 3rd period - Off-side.
15:30 of 3rd period - T.J. Tynan wins face-off versus Jordan Schroeder in neutral zone.
15:47 of 3rd period - Grant Besse is hit by Collin Miller and loses puck.
15:58 of 3rd period - Snap shot by Dylan Sikura.
15:58 of 3rd period - Deflect By Joonas Lyytinen.
15:58 of 3rd period - Shot Misses the Net.
15:58 of 3rd period - Puck is out of play.
15:59 of 3rd period - Anthony Richard wins face-off versus Chandler Stephenson in Senators zone.
16:45 of 3rd period - Snap shot by T.J. Tynan.
16:45 of 3rd period - Shot Misses the Net.
18:14 of 3rd period - Anthony Richard is hit by Chandler Stephenson and loses puck.
18:19 of 3rd period - Snap shot by Vitaly Abramov.
18:19 of 3rd period - Stopped by Brandon Halverson with a rebound.
18:45 of 3rd period - Rampage, Brandon Halverson is pulled from the net.
19:46 of 3rd period - Wrist shot by Christoph Bertschy.
19:46 of 3rd period - Deflect By Tomas Jurco.
19:46 of 3rd period - Goal by Tomas Jurco - Rampage : 4 - Senators : 6.
19:46 of 3rd period - Brandon Halverson from Rampage was sent back in the game.
19:47 of 3rd period - Christoph Bertschy wins face-off versus Rourke Chartier in neutral zone.
Goals for this period are 2 for Rampage vs 2 for Senators.
Shots for this period are 5 for Rampage vs 18 for Senators.